 Dungeon Crawl Stone Soup version 0.31-a0-507-gbafd7f5274 (webtiles) character file.

Game seed: 2403106592742167234

129 ytrimaz the Ruffian (level 4, -6/32 HPs)
             Began as a Demonspawn Shapeshifter on Aug 9, 2023.
             Killed from afar by an orc wizard (9 damage)
             ... with a magic dart
             ... on level 3 of the Dungeon.
             The game lasted 00:01:55 (1672 turns).

ytrimaz the Ruffian (Demonspawn Shapeshifter)       Turns: 1672, Time: 00:01:56

Health: -6/32      AC:  2    Str: 18    XL:     4   Next: 88%
Magic:  0/4        EV: 12    Int:  9    God:
Gold:   82         SH:  0    Dex: 13    Spells: 3/3 levels left

rFire   . .          .
                       - Unarmed
rCold   . . .        (no shield)
rNeg    . . .        a - +0 animal skin
rPois   .            (helmet currently unavailable)
rElec   .            (cloak currently unavailable)
rCorr   .            (gloves currently unavailable)
SInv    .            (boots currently unavailable)
Will    .....        (no amulet)
Stlth   +            (no ring)
HPRegen 0.25/turn    (no ring)
MPRegen 0.18/turn

%: guardian spirit
@: beast-form
A: beast (slay +2), magic shield, magic regeneration, weakness stinger 1
a: Begin Untransformation


You were on level 3 of the Dungeon.
You were a hulking beast.
You visited 1 branch of the dungeon, and saw 3 of its levels.

You collected 82 gold pieces.


Innate Abilities, Weirdness & Mutations

You are a hulking beast.
Your limbs bulge with bestial killing power. (Slay +2)
When hurt, damage is shared between your health and your magic reserves.
You regenerate magic rapidly.
You have a small tail.


   Skills:
 - Level 1.0 Fighting
 - Level 1.7 Dodging
 + Level 4.1 Unarmed Combat
 + Level 3.7 Shapeshifting


You had 3 spell levels left.
You didn't know any spells.
Your spell library contained the following spells:

 Spells                   Type           Power      Damage    Failure   Level
 Blink                    Tloc           0%         N/A       52%         2
 Ensorcelled Hibernation  Hex/Ice        0%         N/A       52%         2
 Lesser Beckoning         Tloc           0%         N/A       52%         2
 Momentum Strike          Conj/Tloc      0%         3d8       52%         2
 Anguish                  Hex/Necr       0%         N/A       99%         4

Inventory:

Armour
 a - a +0 animal skin (worn)
Jewellery
 e - an amulet of guardian spirit
   (You found it on level 1 of the Dungeon)
 g - a ring of fire
   (You found it on level 1 of the Dungeon)
Talismans
 c - a beast talisman (active)
 d - a flux talisman
Scrolls
 f - 2 scrolls of teleportation {unknown}
 j - a scroll of identify
 l - a scroll of enchant weapon
Potions
 k - a potion of haste
 m - a potion of attraction {unknown}
 o - a potion of berserk rage {unknown}
 q - a potion of brilliance {unknown}

Dungeon Overview and Level Annotations

Branches:
Dungeon (3/15) Zot: 16348

Altars:
Ashenzari

#(.###### #<.....###
##.##....##
#######.##.....########
#...........<.........#
#......###....).......#
#......#...............##
#...........{...........#..##
##......##...h................
#.......##.#.#..####.#......#
...##.....#.#.).....#...#....##
# #..#..#.##....#.....#......
##......#####............(.
###..#....##.....o........
##......##..)...........
##.....##.........$....
#.....##..............


There were no monsters in sight!


Message History

You cannot move.
You start resting.
You feel less wooden.
Your +0 animal skin unmelds from your body.
You turn into a hulking beast.
Your extra speed is starting to run out. 😨 HP[-3]
You now have 32 max hp (-16).
You start resting.
You feel yourself slow down. 😨 HP[+1]
You start to feel less resistant.
An orc wizard comes into view. It is wielding a +0 dagger. 😨 HP[+5]
You regained 5 hp, and now have 15/32 hp.
An orc wizard is nearby!
An orc wizard is nearby!
An orc wizard is nearby!
Unknown command.
Your resistance to elements expires. 😨 HP[+1] 😮 HP[+1]
You now have 82 gold pieces (gained 8). 😮 HP[+1] 😮 HP[+1] Unknown command.
There is a stone staircase leading up here. 😮 HP[+1]
You climb upwards.
There is a stone staircase leading down here.
You start resting. 😎 HP[+12]
Your hp is fully restored (32).
Unknown command.
You climb downwards.
There is a stone staircase leading up here.
Unknown command.
The orc wizard barely misses you.
You hit the orc wizard.
The orc wizard points at you and mumbles some strange words.
The puff of flame misses you.
You hit the orc wizard but do no damage.
The orc wizard barely misses you.
Unknown command.
You hit the orc wizard.
The orc wizard hits you with a +0 dagger. 😕 HP[-1] MP[-1]
You take 1 damage, and now have 31/32 hp.
You lost 1 mp, and now have 3/4 mp.
You hit the orc wizard but do no damage.
You tail-slap the orc wizard.
The orc wizard hits you with a +0 dagger. 😕 HP[-2]
You take 2 damage, and now have 29/32 hp.
You barely miss the orc wizard.
The orc wizard gestures at you while chanting.
You are confused.
You are too confused!
The orc wizard attacks as you move away!
The orc wizard hits you with a +0 dagger.
The orc wizard mumbles some strange words.
The orc wizard flickers and vanishes!
Deactivating autopickup; reactivate with Ctrl-A. 😕 HP[-3]
You take 3 damage, and now have 26/32 hp.
A magic dart appears from out of thin air!
The magic dart hits you! 😮 HP[-5] MP[-1]
You take 5 damage, and now have 21/32 hp.
You lost 1 mp, and now have 2/4 mp.
Unknown command.
Something hits you. 😮 HP[-2]
You take 2 damage, and now have 19/32 hp.
You completely miss something. Something hits you.
Something hits you. 😮 HP[-2] MP[-1]
You take 2 damage, and now have 17/32 hp.
You lost 1 mp, and now have 1/4 mp.
You hear some strange, mumbled words.
A magic dart appears from out of thin air!
The magic dart hits you!
* * * LOW HITPOINT WARNING * * *
😨 HP[-8]
You take 8 damage, and now have 9/32 hp.
MASSIVE DAMAGE!! (PAUSE)
You closely miss something.
You feel less confused.
You hear some strange, mumbled words.
A magic dart appears from out of thin air!
The magic dart hits you!
* * * LOW HITPOINT WARNING * * *
😱 HP[-6] MP[-1]
You take 6 damage, and now have 3/32 hp.
You lost 1 mp, and now have 0/4 mp.
You hit something.
You hear some strange, mumbled words.
A magic dart appears from out of thin air!
The magic dart hits you!
You die...

Skill      XL: |  1  2  3  4 |
---------------+-------------+-----
Unarmed Combat | 3 4 |  4.1
Shapeshifting  | 3 |  3.7
Fighting       | |  1.0
Dodging        | |  1.7

Action                     |  1- 3 |  4- 6 || total
---------------------------+-------+-------++-------
  Melee: Unarmed           |   100 |    40 ||   140
         Tailslap          |       |     1 ||     1
         Punch             |       |     1 ||     1
    Use: Scroll            |     4 |       ||     4
         Potion            |     2 |     2 ||     4
   Stab: Sleeping          |     2 |       ||     2
 Armour: Animal skin       |    17 |       ||    17
         Skin              |     3 |    57 ||    60
  Dodge: Dodged            |    73 |     6 ||    79

Levels and vault maps discovered:
D:1:      shiori_arrival_oz, layout_rooms, serial_bayou_pond_b,
          minmay_misc_feat_alley
D:2:      layout_loops_ring, basic_altar, minmay_splitting_lines
D:3:      layout_rooms

Notes
Turn   | Place    | Note
-------+----------+-------------------------------------------
     0 | D:1      | ytrimaz the Demonspawn Shapeshifter began the quest for the
                  | Orb.
     0 | D:1      | Reached XP level 1. HP: 15/15 MP: 1/1
     0 | D:1      | magus.rc [v1.9.6]
    23 | D:1      | You pick up a book of Spatial Translocations and begin
                  | reading...
    23 | D:1      | You add the spells Blink, Momentum Strike and Lesser
                  | Beckoning to your library.
   110 | D:1      | Reached skill level 3 in Unarmed Combat
   110 | D:1      | Gained mutation: You regenerate magic rapidly. [demonic
                  | ancestry]
   110 | D:1      | Reached XP level 2. HP: 18/21 MP: 2/2
   125 | D:1      | Reached skill level 3 in Shapeshifting
   347 | D:1      | Gained mutation: When hurt, damage is shared between your
                  | health and your magic reserves. [demonic ancestry]
   347 | D:1      | Reached XP level 3. HP: 23/26 MP: 3/3
  1051 | D:2      | You pick up a book of Dreams and begin reading...
  1051 | D:2      | You add the spells Ensorcelled Hibernation and Anguish to
                  | your library.
  1270 | D:2      | Found a broken altar of Ashenzari.
  1522 | D:3      | Gained mutation: You have a small tail. [demonic ancestry]
  1522 | D:3      | Reached XP level 4. HP: 14/32 MP: 2/4
  1522 | D:3      | HP: 12/48 [gnoll/+0 whip (3)]
  1522 | D:3      | HP: 3/48 [orc priest/divine providence (9)]
  1530 | D:3      | HP: 10/48 [orc priest/divine providence (7)]
  1535 | D:3      | Reached skill level 4 in Unarmed Combat
  1550 | D:3      | HP: 12/48 [constriction (1)]
  1671 | D:3      | HP: 3/32 [something/magic dart (7)]
  1672 | D:3      | Killed from afar by an orc wizard

Vanquished Creatures
  An orc priest (D:3)
  4 gnolls (D:3)
  3 dart slugs
  3 orcs (D:3)
  3 ball pythons
  5 bats
  4 endoplasms
  4 giant cockroaches
  6 goblins
  4 hobgoblins
  5 jackals (D:1)
  3 kobolds (D:1)
  A quokka (D:1)
  A frilled lizard (D:1)
  4 rats
51 creatures vanquished.

Table legend:
 A = Non-vault XP
 B = Vault XP
 C = Vault XP percentage of total XP
 D = Non-vault monster count
 E = Vault monster count
 F = Vault count percentage of total count
                 A         B        C        D         E       F
            +---------+---------+-------+---------+---------+-------
      Total |     173 |      12 |   6.5 |      44 |       7 |  13.7
            +---------+---------+-------+---------+---------+-------
        D:1 |      40 |      12 |  23.1 |      19 |       7 |  26.9
        D:2 |      10 |       0 |   0.0 |       6 |       0 |   0.0
        D:3 |     123 |       0 |   0.0 |      19 |       0 |   0.0
            +---------+---------+-------+---------+---------+-------

Skill      XL: |  1  2  3  4 |
---------------+-------------+-----
Unarmed Combat | 3 4 |  4.1
Shapeshifting  | 3 |  3.7
Fighting       | |  1.0
Dodging        | |  1.7

Action                     |  1- 3 |  4- 6 || total
---------------------------+-------+-------++-------
  Melee: Unarmed           |   100 |    40 ||   140
         Tailslap          |       |     1 ||     1
         Punch             |       |     1 ||     1
    Use: Scroll            |     4 |       ||     4
         Potion            |     2 |     2 ||     4
   Stab: Sleeping          |     2 |       ||     2
 Armour: Animal skin       |    17 |       ||    17
         Skin              |     3 |    57 ||    60
  Dodge: Dodged            |    73 |     6 ||    79

Illustrated notes

Table legend:
 A = Kills in this place as a percentage of kills in the entire game.
 B = Kills by you in this place as a percentage of kills by you in the entire game.
 C = Kills by friends in this place as a percentage of kills by friends in the entire game.
 D = Other kills in this place as a percentage of other kills in the entire game.
 E = Experience gained in this place as a percentage of experience gained in the entire game.
 F = Experience gained in this place divided by the number of levels of this place that you have seen.
                   A       B       C       D       E      F
               +-------+-------+-------+-------+-------+----------------------
         Total | 100.0 | 100.0 |   N/A |   N/A | 100.0 |  61.7
       Dungeon | 100.0 | 100.0 |   N/A |   N/A | 100.0 |  61.7
               +-------+-------+-------+-------+-------+----------------------

Table legend: (Time is in decaauts)
 A = Elapsed time spent in this place.
 B = Non-inter-level travel time spent in this place.
 C = Inter-level travel time spent in this place.
 D = Time resting spent in this place.
 E = Time spent auto-exploring this place.
 F = Levels seen in this place.
 G = Mean time per level.
                   A        B        C        D        E       F      G
               +--------+--------+--------+--------+--------+-----+--------+
         Total |   1650 |   1620 |     30 |     55 |   1231 |   3 |  550.0 |
       Dungeon |   1650 |   1620 |     30 |     55 |   1231 |   3 |  550.0 |
               +--------+--------+--------+--------+--------+-----+--------+

Top non-repeatable levels by time:
     D:2: 803 daAuts
     D:1: 671 daAuts
     D:3: 175 daAuts
